AoeStats
← fergekaia

Migration

509871447Analyzed
1v1 RM · 5d ago on Sep 28, 2026· 33m 53s· 2 players
Game mode
Random Map
Map size
132×132
Population
200
Speed
Normal
Resources
Standard
Victory
Conquest
Starting age
Dark Age
Ending age
Imperial Age
RankedLock teamsTeams togetherTeam positionsShared explorationLock speedFull tech treeHidden civsTurbo modeCheats
Victory
Defeat
🇦🇷 Bulgarians · Argentina
643
+14
🇳🇴 Vikings · Norway
598
-14
fergekaia
11:54 Feudal Age
10:09 Loom
12:49 Double-Bit Axe
12:54 Fishing Lines
17:32 Castle Age
18:55 Bow Saw
18:29 Horse Collar
19:10 Scale Mail Armor
19:11 Gillnets
25:37 Squires
26:30 Arson
28:41 Stone Mining
28:42 Gold Mining
WallieMarruecos
0:28 Loom
9:27 Feudal Age
12:09 Double-Bit Axe
12:35 Fishing Lines
15:45 Wheelbarrow
18:04 Gold Mining
19:07 Town Watch
23:24 Fletching
25:35 Castle Age
26:17 Bodkin Arrow
26:33 Forging
26:40 Hand Cart
27:29 Gambesons
Connection lost

Rejoining the realm…

Still unreachable

The connection could not be restored.

Session expired

The server has moved on; the page needs a fresh start.